 Dungeon Sprint DCSS version 0.21.1-1-g345015f (webtiles) character file.

148 relionnb the Shield-Bearer (level 5, -5/55 HPs)
             Began as a Troll Fighter on Mar 8, 2018.
             Was an Initiate of Nemelex Xobeh.
             Killed from afar by a gargoyle (16 damage)
             ... with a stone arrow
             ... in the Dungeon (Sprint IX: "|||||||||||||||||||||||||||||").
             The game lasted 00:05:01 (207 turns).

relionnb the Shield-Bearer (Troll Fighter)           Turns: 207, Time: 00:05:01

Health: -5/55      AC:  0    Str: 25    XL:     5   Next: 8%
Magic:  4/4        EV: 12    Int:  4    God:    Nemelex Xobeh [......]
Gold:   0          SH: 10    Dex:  9    Spells: 4/4 levels left

rFire    . . .     SeeInvis .   w - +2 scimitar (holy)
rCold    . . .     Gourm    +   c - +0 shield
rNeg     . . .     Faith    .   b - +0 robe
rPois    .         Spirit   .   (helmet restricted)
rElec    .         Reflect  .   y - +0 cloak
rCorr    .         Harm     .   (gloves unavailable)
MR       .....     NoTele   +   (boots unavailable)
Stlth    +.........             (no amulet)
HPRegen  0.58/turn              z - +2 ring of evasion
MPRegen  0.09/turn              A - +2 ring of protection

@: corroded
A: large, unfitting armour, claws 3, fast metabolism 3, gourmand, regeneration
1, shaggy fur 1, tough skin 2
a: Renounce Religion


You were in the Dungeon.
You worshipped Nemelex Xobeh.
Nemelex Xobeh was noncommittal.
You were very full.

You visited 1 branch

Inventory:

Hand Weapons
 a - a +0 long sword
 r - a +1 broad axe of freezing
 s - a +2 halberd of protection
 t - a +2 morningstar of protection
 u - a +4 quarterstaff of speed
 v - a +2 rapier of freezing
 w - a +2 scimitar of holy wrath (weapon)
Armour
 b - a +0 robe (worn)
 c - a +0 shield (worn)
 y - a +0 cloak (worn)
 B - a +0 cloak
Magical Staves
 x - an uncursed staff of energy
Jewellery
 z - a +2 ring of evasion (left claw)
 A - a +2 ring of protection (right claw)
Wands
 q - a wand of iceblast (10)
Scrolls
 k - 2 scrolls of blinking
 o - 3 scrolls of remove curse
 p - 2 scrolls of amnesia
Potions
 d - a potion of might
 e - 5 potions of curing
 g - 3 potions of heal wounds
 h - a potion of haste
 i - 4 potions of magic
 j - a potion of berserk rage
 n - a potion of invisibility
Miscellaneous
 m - a plain deck of destruction {drawn: 5}
 C - a plain deck of escape
Comestibles
 f - 2 rations
 l - 2 chunks of flesh


   Skills:
 + Level 4.7 Fighting
 + Level 4.2 Long Blades
 + Level 4.8 Dodging
 + Level 0.2 Stealth
 + Level 5.2 Shields
 + Level 0.1 Invocations


You had 4 spell levels left.
You didn't know any spells.

Dungeon Overview and Level Annotations

Branches:
Dungeon (1/1)

Altars:
Cheibriados
Dithmenos
Elyvilon
Fedhas
Gozag
Hepliaklqana
Kikubaaqudgha
Makhleb
Nemelex Xobeh
Okawaru
Qazlal
Ru
Sif Muna
Trog
Uskayaw
Vehumet
Wu Jian
Xom
Yredelemnul
Zin
The Shining One
Beogh
Jiyva
Lugonu


Innate Abilities, Weirdness & Mutations

You are too large for most types of armour.
You have claws for hands.
Your metabolism is lightning-fast.
You like to eat raw meat.
Your natural rate of healing is unusually fast.
You are covered in fur. (AC +1)
You have very tough skin. (AC +2)


Message History

The crimson imp completely resists.
Evoke which item? (* to show all) (? for menu, Esc to quit)
You draw a card...
It is Pain.
You have drawn Pain.
Press: ? - help, Shift-Dir - straight line, f - gargoyle
Aim: a gargoyle, wielding a mace The gargoyle is unaffected.
Evoke which item? (* to show all) (? for menu, Esc to quit)
You draw a card...
It is Vitriol.
You have drawn Vitriol.
Press: ? - help, Shift-Dir - straight line, f/p - gargoyle
Aim: a gargoyle, wielding a mace The glob of acid hits the gargoyle.
The gargoyle appears unharmed.
The gargoyle hits you with a mace!
* * * LOW HITPOINT WARNING * * *
You hit the gargoyle but do no damage.
The gargoyle hurls a stone arrow at you.
The stone arrow hits you!
You die...
Your body disappears without a glow. ▓▓▓▓▓▓▓▓▓▓▓▓▓▓▓▓▓▓▓▓▓▓▓▓ _______'......[.@95hs... ▓▓▓▓▓▓▓▓▓▓▓▓▓▓▓▓▓▓▓▓▓▓▓▓

You could see a gargoyle, a scorpion, a howler monkey and a crimson imp.

Vanquished Creatures
  A howler monkey (D)
  A jelly (D)
  An orc wizard (D)
  A worker ant (D)
  A gnoll (D)
  An adder (D)
  2 dart slugs (D)
  A ball python (D)
  A bat (D)
  A frilled lizard (D)
  A jackal skeleton (D)
12 creatures vanquished.

Notes
Turn   | Place    | Note
-------+----------+-------------------------------------------
     0 | D        | relionnb the Troll Fighter began the quest for the Orb.
     0 | D        | Reached XP level 1. HP: 22/22 MP: 0/0
    12 | D        | Reached skill level 3 in Shields
    33 | D        | Noticed a howler monkey
    33 | D        | Noticed an orc wizard
    37 | D        | Reached XP level 2. HP: 23/31 MP: 1/1
    45 | D        | Killed a howler monkey
    45 | D        | Reached skill level 4 in Shields
    45 | D        | Reached XP level 3. HP: 32/39 MP: 2/2
    55 | D        | Reached XP level 4. HP: 16/48 MP: 3/3
   119 | D        | Found a roughly hewn altar of Beogh.
   119 | D        | Found a snail-covered altar of Cheibriados.
   119 | D        | Found a shadowy altar of Dithmenos.
   119 | D        | Found a white marble altar of Elyvilon.
   119 | D        | Found a blossoming altar of Fedhas.
   119 | D        | Found an opulent altar of Gozag.
   120 | D        | Found a hazy altar of Hepliaklqana.
   121 | D        | Found a viscous altar of Jiyva.
   122 | D        | Found an ancient bone altar of Kikubaaqudgha.
   123 | D        | Found a corrupted altar of Lugonu.
   124 | D        | Found a burning altar of Makhleb.
   127 | D        | Found a sparkling altar of Nemelex Xobeh.
   128 | D        | Found an iron altar of Okawaru.
   129 | D        | Found a stormy altar of Qazlal.
   130 | D        | Found a sacrificial altar of Ru.
   131 | D        | Found a deep blue altar of Sif Muna.
   132 | D        | Found a bloodstained altar of Trog.
   133 | D        | Found a hide-covered altar of Uskayaw.
   134 | D        | Found a radiant altar of Vehumet.
   135 | D        | Became a worshipper of Nemelex Xobeh the Trickster
   136 | D        | Found an ornate altar of the Wu Jian Council.
   137 | D        | Found a shimmering altar of Xom.
   138 | D        | Found a basalt altar of Yredelemnul.
   139 | D        | Found a glowing silver altar of Zin.
   140 | D        | Found a glowing golden altar of the Shining One.
   148 | D        | Received a gift from Nemelex Xobeh
   195 | D        | Received a gift from Nemelex Xobeh
   195 | D        | Noticed a gargoyle
   204 | D        | Reached skill level 5 in Shields
   204 | D        | Reached XP level 5. HP: 23/55 MP: 4/4
   207 | D        | Killed from afar by a gargoyle

Skill      XL: |  1  2  3  4 |
---------------+-------------+-----
Shields        | 3 4 5 |  5.2
Dodging        | 3 4 |  4.8
Fighting       | 3 4 |  4.7
Long Blades    | 2 3 4 |  4.2
Stealth        | |  0.2
Invocations    | |  0.1

Action                   |  1- 3 |  4- 6 || total
-------------------------+-------+-------++-------
Melee: Long sword        |    35 |    12 ||    47
       Scimitar          |       |     6 ||     6
Evoke: Deck              |       |     5 ||     5
 Stab: Sleeping          |     1 |       ||     1
  Eat: Chunk             |       |     7 ||     7
Armor: Robe              |    10 |     8 ||    18
Dodge: Dodged            |    16 |     7 ||    23
Block: Shield            |     8 |     9 ||    17
       Rpst.: Long sword |     6 |     1 ||     7
       Scimitar          |       |     1 ||     1
